 Dungeon Crawl Stone Soup version 0.19.5 (webtiles) character file.

14 Santreim the Ducker (level 2, 0/16 HPs)
             Began as a Spriggan Abyssal Knight on Mar 8, 2017.
             Was a Follower of Lugonu.
             Slain by a kobold
             ... wielding a +0 spear
              (3 damage)
             ... on level 1 of the Dungeon.
             The game lasted 00:04:44 (962 turns).

Santreim the Ducker (Spriggan Abyssal Knight)        Turns: 962, Time: 00:04:44

Health: 0/16       AC:  2    Str:  8    XL:     2   Next: 31%
Magic:  4/4        EV: 19    Int: 13    God:    Lugonu [*.....]
Gold:   74         SH:  0    Dex: 15    Spells: 0 memorised, 1 level left

rFire  . . .     SeeInvis +     f - +0 dagger
rCold  . . .     Gourm    .     b - +0 robe
rNeg   . . .     Faith    .     (shield restricted)
rPois  .         Spirit   .     (helmet restricted)
rElec  .         Reflect  .     (no cloak)
rCorr  .         Harm     .     (gloves unavailable)
MR     .....                    (boots unavailable)
Stlth  ++........               (no amulet)
                                (no ring)
                                (no ring)

@: very quick
A: unfitting armour, see invisible, herbivore 3, speed 3, slow metabolism 2
a: Depart the Abyss, Renounce Religion


You were on level 1 of the Dungeon.
You worshipped Lugonu.
Lugonu was aware of your devotion.
You were not hungry.

You visited 1 branch of the dungeon, and saw 1 of its levels.
You visited the Abyss 1 time.

You collected 74 gold pieces.

Inventory:

Hand Weapons
 a - a +1 hand axe
 f - a +0 dagger (weapon)
Armour
 b - a +0 robe (worn)
Scrolls
 e - 2 scrolls of teleportation {unknown}
 g - a scroll of identify {unknown}
 h - a scroll of fog {unknown}
 i - 3 scrolls of remove curse {unknown}
 k - a scroll of noise {unknown}
Potions
 d - a potion of heal wounds {unknown}
 j - a potion of degeneration {unknown}
 l - a potion of resistance {unknown}
 m - a potion of berserk rage {unknown}
Comestibles
 c - 2 bread rations


   Skills:
 + Level 2.6 Fighting
 * Level 0.2 Short Blades
 - Level 1.9 Axes
 + Level 3.7 Dodging
 + Level 0.9 Stealth
 * Level 0.2 Spellcasting
 + Level 1.7 Invocations


You had one spell level left.
You didn't know any spells.

Dungeon Overview and Level Annotations

Branches:
Dungeon (1/15)

Altars:


Innate Abilities, Weirdness & Mutations

You are very small and have problems with some larger weapons.
You are too small for most types of armour.
You have supernaturally acute eyesight. (SInv)
You are a herbivore.
You cover ground extremely quickly.
You need consume almost no food.


Message History

The giant cockroach waves its antennae.
The giant cockroach misses you.
You hit the giant cockroach.
The giant cockroach is heavily wounded.
The kobold misses you.
The giant cockroach bites you but does no damage.
The rat misses you.
You hit the giant cockroach.
You kill the giant cockroach!
Lugonu accepts your kill. The kobold completely misses you.
The rat closely misses you.
You hit the rat.
You kill the rat!
Lugonu accepts your kill. The kobold closely misses you.
You hit the kobold but do no damage. The kobold completely misses you.
The kobold closely misses you.
You closely miss the kobold.
The kobold hits you from afar with a spear.
You die...

..... #...#.....## .....#
#...#....... ....## #...#
#..... .. ##...## #..(#
#..... ... ##.....###...#
#.....
...##.8...8.##...###.....
.......K.....†..........
#.....K†....######.....
#.....@(...## #.....
###.8...8.## #.....
##.(...## #..... ###
##(..## #..... ....
####.## #.....
......##########..#
######
..................#
..................#
#................#


You could see 2 kobolds.

Vanquished Creatures
  A dart slug (D:1)
  A giant cockroach (D:1)
  2 goblins (D:1)
  A hobgoblin (D:1)
  4 frilled lizards (D:1)
  5 rats (D:1)
14 creatures vanquished.

Notes
Turn   | Place    | Note
-------+----------+-------------------------------------------
     0 | Abyss:1  | Santreim the Spriggan Abyssal Knight began the quest for the Orb.
     0 | Abyss:1  | Reached XP level 1. HP: 11/11 MP: 3/3
   116 | Abyss:1  | Noticed a ynoxinul
   129 | Abyss:1  | Noticed a small abomination
   135 | Abyss:1  | Noticed an eye of draining
   149 | Abyss:1  | Noticed a starcursed mass
   152 | Abyss:1  | Noticed a starcursed mass
   169 | D:1      | Escaped the Abyss
   394 | D:1      | Reached * piety under Lugonu
   732 | D:1      | Reached XP level 2. HP: 9/16 MP: 4/4
   962 | D:1      | Slain by a kobold

Action                   || total
-------------------------++-------
Melee: Hand axe          ||    38
       Dagger            ||    14
Invok: Depart the Abyss  ||     1
 Stab: Sleeping          ||     1
Armor: Robe              ||     2
Dodge: Dodged            ||    51
